super close VP game with a short-lived hero tiger

Match 33551799
End
Construct Infanterie Kompanie
Selects Breakthrough Battlegroup
Selects Assault Grenadiers
Grenadier Squad
Grenadier Squad
MG 42 Machine Gun Team
Construct Luftwaffe Kompanie
Selects Rapid Production
221 Scout Car
Jäger Squad
Pioneer Squad
Jäger Squad
Medical Bunker
Luftwaffe Officer Quarters
Flak 30 Anti-aircraft Gun Team
Selects Blitzkrieg
Construct Panzergrenadier Kompanie
Panzergrenadier Squad
Pak 40 Anti-tank Gun Team
Selects Tiger Heavy Tank
Tiger Heavy Tank
Selects Smoke Bombing Run
Selects Incendiary Bombing Run
Pak 40 Anti-tank Gun Team
Panzergrenadier Squad
Incendiary Bombing Run
Smoke Bombing Run
Panzergrenadier Squad
Incendiary Bombing Run
Tiger Heavy Tank
Alfonso
KevinTDW
SNIPER
Imperial Fist
0
0

Comments sign in to comment!

No comments posted yet!